 Dungeon Crawl Stone Soup version 0.19.1 (webtiles) character file.

4554 Ladykiller69 the Destroyer (level 10, -1/50 HPs)
             Began as a Deep Elf Conjurer on Dec 9, 2016.
             Was an Initiate of Vehumet.
             Slain by Frank's ghost (20 damage)
             ... on level 9 of the Dungeon.
             The game lasted 00:37:00 (8116 turns).

Ladykiller69 the Destroyer (Deep Elf Conjurer)      Turns: 8116, Time: 00:37:01

Health: -1/50      AC:  5    Str:  5    XL:     10   Next: 17%
Magic:  12/24      EV: 13    Int: 24    God:    Vehumet [......]
Gold:   447        SH:  0    Dex: 15    Spells: 7 memorised, 4 levels left

rFire  . . .     SeeInvis .     W - +2 quarterstaff (chaos)
rCold  . . .     Gourm    .     a - +0 robe
rNeg   . . .     Faith    .     (shield currently unavailable)
rPois  +         Spirit   .     (no helmet)
rElec  .         Reflect  .     V - +1 cloak
rCorr  .         Harm     .     D - +0 pair of gloves
MR     +....                    (no boots)
Stlth  ++........               (no amulet)
                                Q - ring of poison resistance
                                (no ring)

@: repel missiles
A: no striking features
a: Renounce Religion


You were on level 9 of the Dungeon.
You worshipped Vehumet.
Vehumet was noncommittal.
You were not hungry.

You visited 2 branches of the dungeon, and saw 10 of its levels.

You collected 447 gold pieces.

Inventory:

Hand Weapons
 u - a +3 dagger of venom
 N - a +0 whip of electrocution
 W - a +2 quarterstaff of chaos (weapon)
Armour
 a - a +0 robe (worn)
 x - the +0 leather armour "Qausouts" {rElec rPois MR- Slay+3}
   (You found it on level 4 of the Dungeon)

   It affects your accuracy and damage with ranged weapons and melee attacks
   (+3).
   It insulates you from electricity.
   It protects you from poison.
   It affects your resistance to hostile enchantments.
 D - a +0 pair of gloves (worn)
 U - a +0 buckler
 V - a +1 cloak (worn)
Jewellery
 Q - a ring of poison resistance (right hand)
Wands
 l - a wand of lightning (8/15)
 y - a wand of flame (21/48)
 Y - a wand of flame (1/48)
Scrolls
 d - 4 scrolls of identify
 e - 3 scrolls of remove curse
 f - 3 scrolls of enchant armour {unknown}
 h - 2 scrolls of teleportation {unknown}
 n - 2 scrolls of enchant weapon {unknown}
 s - 2 scrolls of random uselessness {unknown}
 v - 2 scrolls of immolation {unknown}
 w - 2 scrolls of fog {unknown}
 I - 2 scrolls of fear {unknown}
 J - a scroll of noise {unknown}
 K - 2 scrolls of magic mapping {unknown}
 L - 2 scrolls of recharging {unknown}
 P - a scroll of torment {unknown}
Potions
 g - a potion of brilliance
 i - 2 potions of ambrosia
 k - 3 potions of haste
 p - 4 potions of lignification
 r - 2 potions of flight
 z - 2 potions of magic
 A - a potion of agility
 C - 2 potions of cancellation
 F - 2 potions of curing
 H - a potion of heal wounds {unknown}
 M - a potion of cure mutation {unknown}
 O - a potion of invisibility {unknown}
 S - a potion of degeneration {unknown}
 T - 5 potions of might
Books
 b - a book of Conjurations

   Spells                             Type                      Level
   a - Magic Dart                     Conjuration                  1
   b - Searing Ray                    Conjuration                  2
   c - Dazzling Spray                 Conjuration/Hexes            3
   d - Fulminant Prism                Conjuration/Hexes            4
   e - Iskenderun's Mystic Blast      Conjuration                  4
   f - Iskenderun's Battlesphere      Conjuration/Charms           5
 o - a book of Cantrips

   Spells                             Type                      Level
   a - Confusing Touch                Hexes                        1
   b - Animate Skeleton               Necromancy                   1
   c - Summon Small Mammal            Summoning                    1
   d - Apportation                    Translocation                1
 q - a book of Air

   Spells                             Type                      Level
   a - Shock                          Conjuration/Air              1
   b - Swiftness                      Charms/Air                   2
   c - Repel Missiles                 Charms/Air                   2
   d - Static Discharge               Conjuration/Air              3
   e - Lightning Bolt                 Conjuration/Air              5
 E - a book of Callings

   Spells                             Type                      Level
   a - Summon Small Mammal            Summoning                    1
   b - Call Imp                       Summoning                    2
   c - Call Canine Familiar           Summoning                    3
   d - Summon Guardian Golem          Hexes/Summoning              3
   e - Summon Lightning Spire         Summoning/Air                4
   f - Summon Ice Beast               Ice/Summoning                4
 G - a Young Poisoner's Handbook

   Spells                             Type                      Level
   a - Sting                          Conjuration/Poison           1
   b - Mephitic Cloud                 Conjuration/Poison/Air       3
   c - Olgreb's Toxic Radiance        Poison                       4
   d - Alistair's Intoxication        Transmutation/Poison         5
   e - Venom Bolt                     Conjuration/Poison           5
 X - a book of Necromancy

   Spells                             Type                      Level
   a - Pain                           Necromancy                   1
   b - Animate Skeleton               Necromancy                   1
   c - Vampiric Draining              Necromancy                   3
   d - Regeneration                   Charms/Necromancy            3
   e - Animate Dead                   Necromancy                   4
   f - Control Undead                 Necromancy                   4
 Z - a book of Minor Magic

   Spells                             Type                      Level
   a - Magic Dart                     Conjuration                  1
   b - Blink                          Translocation                2
   c - Call Imp                       Summoning                    2
   d - Repel Missiles                 Charms/Air                   2
   e - Slow                           Hexes                        2
   f - Conjure Flame                  Conjuration/Fire             3
   g - Mephitic Cloud                 Conjuration/Poison/Air       3
Comestibles
 c - 8 bread rations
 j - 3 meat rations
 m - 2 royal jellies
 B - a slice of pizza
 R - 3 fruits


   Skills:
 - Level 3.0 Dodging
 - Level 3.0 Stealth
 + Level 8.5 Spellcasting
 * Level 11.6 Conjurations
 - Level 6.1 Hexes
 - Level 10.1 Charms
 - Level 2.1 Poison Magic


You had 4 spell levels left.
You knew the following spells:

 Your Spells              Type           Power        Failure   Level  Hunger
a - Magic Dart            Conj           ####         1%          1    None
b - Dazzling Spray        Conj/Hex       ######       1%          3    None
c - Iskenderun's Mystic   Conj           ######..     1%          4    ##.....
d - Fulminant Prism       Conj/Hex       ######....   1%          4    ##.....
e - Iskenderun's Battles  Conj/Chrm      ######..     1%          5    ####...
f - Mephitic Cloud        Conj/Pois/Air  ####....     2%          3    None
g - Repel Missiles        Chrm/Air       ####..       1%          2    None


Dungeon Overview and Level Annotations

Branches:
Dungeon (9/15)             Temple (1/1) D:6
   Lair: D:8-11         Orc: D:9-12

Altars:
Ashenzari
Cheibriados
Dithmenos
Elyvilon
Fedhas
Gozag
Hepliaklqana
Kikubaaqudgha
Makhleb
Nemelex Xobeh
Okawaru
Qazlal
Ru
Sif Muna
Trog
Uskayaw
Vehumet
Xom
Yredelemnul
Zin
The Shining One

Shops:
D:8 ((}!

Annotations:
D:5 Duvessa
D:9 Frank's ghost, novice GrGl


Message History

The barrage of energy hits Frank's ghost.
Frank's ghost is moderately damaged.
Casting: Magic Dart
Confirm with . or Enter, or press ? or * to list all spells.
Aiming: Magic Dart
Press: ? - help, Shift-Dir - straight line, f/p - Frank's ghost
Aim: Frank's ghost, wielding a weapon of electrocution (moderately damaged)
The magic dart hits Frank's ghost.
Frank's ghost is moderately damaged.
Your battlesphere fires!
The barrage of energy hits Frank's ghost.
Frank's ghost is moderately damaged.
There is a stone staircase leading up here.
You climb upwards.
Your battlesphere wavers and loses cohesion.
There is a stone staircase leading down here.
You climb downwards.
Level annotation: Frank's ghost, novice GrGl Frank's ghost hits you!!
You die...

#####################
#..W@/...........)...
#...Z................
#....................
#....................
#....................
#....................
#.(..................
#....................
#....................


You could see Frank's ghost and a worker ant zombie.

Vanquished Creatures
  Pikel (D:6)
  Maurice (D:8)
  Grinder (D:6)
  A hippogriff (D:7)
  A hungry ghost (D:8)
  A water moccasin (D:8)
  A sky beast (D:8)
  3 slaves (D:6)
  A black bear (D:6)
  An eye of draining (D:8)
  3 centaurs
  8 ogres
  A crocodile (D:8)
  6 bullfrogs
  2 scorpions (D:8)
  10 killer bees (D:8)
  2 jellies
  2 crimson imps
  6 hounds
  Crazy Yiuf (D:6)
  2 orc priests (D:4)
  Jessica (D:3)
  A bullfrog skeleton (D:8)
  2 centaur skeletons
  Natasha (thrice) (D:3)
  3 orc wizards
  6 worker ants
  A hound skeleton (D:6)
  A mummy (D:7)
  8 adders
  2 shadow imps (D:6)
  An ooze (D:7)
  An adder skeleton (D:7)
  5 worms
  3 dart slugs (D:1)
  4 leopard geckos
  22 orcs
  A ball python (D:2)
  4 bats
  7 giant cockroaches
  5 goblins
  7 hobgoblins
  3 jackals (D:7)
  2 quokkas
  2 frilled lizards
  8 kobolds
  A leopard gecko skeleton (D:5)
  10 rats
  A fulminant prism (D:6)
170 creatures vanquished.

Vanquished Creatures (collateral kills)
  A killer bee (D:8)
1 creature vanquished.

Vanquished Creatures (others)
  13 fulminant prisms
13 creatures vanquished.

Grand Total: 184 creatures vanquished

Notes
Turn   | Place    | Note
-------+----------+-------------------------------------------
     0 | D:1      | Ladykiller69 the Deep Elf Conjurer began the quest for the Orb.
     0 | D:1      | Reached XP level 1. HP: 10/10 MP: 6/6
   355 | D:1      | Reached XP level 2. HP: 15/15 MP: 6/8
   790 | D:2      | Reached XP level 3. HP: 19/19 MP: 5/10
   834 | D:2      | Learned a level 3 spell: Dazzling Spray
  1060 | D:2      | Found a hide-covered altar of Uskayaw.
  1118 | D:2      | Reached skill level 5 in Conjurations
  1118 | D:2      | Reached XP level 4. HP: 24/24 MP: 8/12
  1124 | D:2      | Learned a level 4 spell: Iskenderun's Mystic Blast
  1470 | D:3      | Found an ancient bone altar of Kikubaaqudgha.
  1528 | D:3      | Learned a level 4 spell: Fulminant Prism
  1539 | D:3      | Noticed Natasha
  1572 | D:3      | Killed Natasha
  1572 | D:3      | Reached skill level 1 in Hexes
  1625 | D:3      | Reached skill level 5 in Spellcasting
  1949 | D:3      | Found a stormy altar of Qazlal.
  2100 | D:3      | Reached XP level 5. HP: 28/28 MP: 5/14
  2117 | D:3      | Noticed Natasha
  2190 | D:3      | Killed Natasha
  2190 | D:3      | Noticed Natasha
  2195 | D:3      | Killed Natasha
  2268 | D:3      | Found a shimmering altar of Xom.
  2270 | D:3      | Found a bloodstained altar of Trog.
  2270 | D:3      | Found a shimmering altar of Xom.
  2272 | D:3      | Found a hazy altar of Hepliaklqana.
  2272 | D:3      | Found a blossoming altar of Fedhas.
  2272 | D:3      | Found a shadowy altar of Dithmenos.
  2481 | D:3      | Noticed Jessica
  2489 | D:3      | Killed Jessica
  2789 | D:4      | Got a transparent leather armour
  2800 | D:4      | Identified the +0 leather armour "Qausouts" {rElec rPois MR- Slay+3} (You found it on level 4 of the Dungeon)
  2840 | D:4      | Reached XP level 6. HP: 32/32 MP: 3/17
  3141 | D:4      | Learned a level 5 spell: Iskenderun's Battlesphere
  3166 | D:4      | Reached skill level 1 in Charms
  3756 | D:5      | Entered Level 5 of the Dungeon
  3966 | D:5      | Reached skill level 6 in Conjurations
  3966 | D:5      | Reached XP level 7. HP: 36/36 MP: 10/18
  4010 | D:5      | Reached skill level 5 in Charms
  4164 | D:5      | Found a shattered altar of Ashenzari.
  4167 | D:5      | Found an opulent altar of Gozag.
  4169 | D:5      | Found a burning altar of Makhleb.
  4195 | D:5      | Noticed Duvessa
  4450 | D:5      | Found a bloodstained altar of Trog.
  4497 | D:5      | Found a bloodstained altar of Trog.
  4677 | D:6      | Reached skill level 7 in Conjurations
  4677 | D:6      | Reached XP level 8. HP: 36/41 MP: 10/19
  4984 | D:6      | Noticed Grinder
  5019 | D:6      | Killed Grinder
  5019 | D:6      | Reached skill level 8 in Conjurations
  5052 | D:6      | Noticed Pikel
  5205 | D:6      | Killed Pikel
  5205 | D:6      | Reached skill level 5 in Hexes
  5205 | D:6      | Reached skill level 10 in Charms
  5205 | D:6      | Reached XP level 9. HP: 45/45 MP: 8/20
  5281 | D:6      | Found a staircase to the Ecumenical Temple.
  5287 | Temple   | Entered the Ecumenical Temple
  5439 | D:6      | Found a runed door.
  5492 | D:6      | Reached skill level 9 in Conjurations
  5577 | D:6      | Found a shadowy altar of Dithmenos.
  5628 | D:6      | Noticed Crazy Yiuf
  5631 | D:6      | Killed Crazy Yiuf
  5805 | D:7      | Learned a level 3 spell: Mephitic Cloud
  5970 | D:7      | Reached skill level 1 in Poison Magic
  6082 | D:7      | Found a white marble altar of Elyvilon.
  6287 | D:7      | Found a snail-covered altar of Cheibriados.
  6476 | D:8      | Reached skill level 10 in Conjurations
  6493 | D:8      | Found Siag Kic's Gadget Shoppe.
  6783 | D:8      | Found Caxuss's Antique Weapon Shop.
  6852 | D:8      | Found Qerol's Magic Scroll Boutique.
  6871 | D:8      | Found Oppirgha's Antique Weapon Boutique.
  7188 | D:8      | Noticed Maurice
  7201 | D:8      | Found Lorud's Distillery.
  7234 | D:8      | Learned a level 2 spell: Repel Missiles
  7431 | D:8      | Reached skill level 11 in Conjurations
  7437 | D:8      | Killed Maurice
  7437 | D:8      | Reached XP level 10. HP: 49/50 MP: 13/24
  7737 | D:8      | Found a radiant altar of Vehumet.
  7737 | D:8      | Found a faded altar of an unknown god.
  7742 | D:8      | Found a faded altar of an unknown god.
  7755 | D:8      | Became a worshipper of Vehumet
  7758 | D:8      | Found a faded altar of an unknown god.
  7760 | D:8      | Found a faded altar of an unknown god.
  7888 | D:9      | Noticed Frank's ghost (novice GrGl)
  8116 | D:9      | Slain by Frank's ghost

Skill      XL: |  1  2  3  4  5  6  7  8  9 |
---------------+----------------------------+-----
Dodging        | 3 |  3.0
Stealth        | 3 |  3.0
Spellcasting   | 4 5 6 8 |  8.5
Conjurations   | 5 6 7 8 11 | 11.6
Hexes          | 2 3 4 5 6 |  6.1
Charms         | 4 7 10 | 10.1
Poison Magic   | 2 |  2.1

Action                   |  1- 3 |  4- 6 |  7- 9 | 10-12 || total
-------------------------+-------+-------+-------+-------++-------
Melee: Unarmed           |     1 |       |       |       ||     1
       Dagger            |       |     7 |       |       ||     7
       Quarterstaff      |       |       |    13 |       ||    13
 Cast: Magic Dart        |    65 |   137 |   180 |    33 ||   415
       Iskenderun's Myst |       |     5 |     8 |     2 ||    15
       Fulminant Prism   |       |     7 |     7 |       ||    14
       Dazzling Spray    |       |     4 |     8 |     4 ||    16
       Iskenderun's Batt |       |       |    14 |     6 ||    20
       Mephitic Cloud    |       |       |     3 |       ||     3
       Repel Missiles    |       |       |     1 |       ||     1
Evoke: Wand              |       |     1 |       |       ||     1
  Use: Scroll            |       |       |    12 |       ||    12
  Eat: Chunk             |       |    11 |    13 |     1 ||    25
       Meat ration       |       |       |     1 |       ||     1
Armor: Robe              |     5 |     4 |     9 |     1 ||    19
Dodge: Dodged            |    10 |    13 |    44 |     3 ||    70
